 Dungeon Crawl Stone Soup version 0.30-a0-779-g7971cf19c3 (console) character file.

Game seed: 5887154686801820984

130523 Ignak the Fighter (level 17, 0/175 HPs)
             Began as an Ogre Hedge Wizard on Feb 16, 2023.
             Was a High Priest of Okawaru.
             Slain by a wolf spider (6 damage)
             ... in the Arena on Feb 17, 2023.
             The game lasted 02:16:42 (33572 turns).

Ignak the Fighter (Ogre Hedge Wizard)              Turns: 33572, Time: 02:16:42

Health: 0/175      AC: 16    Str: 22    XL:     17   Next: 8%
Magic:  10/32      EV: 10    Int: 18    God:    Okawaru [*****.]
Gold:   979        SH:  0    Dex: 11    Spells: 0/39 levels left

rFire   + + .      SeeInvis .    a - +5 broad axe (vamp)
rCold   . . .      Faith    .    (no shield)
rNeg    . . .      Spirit   .    Q - +0 fire dragon scales
rPois   +          Reflect  .    P - +1 hat {Will+}
rElec   .          Harm     .    S - +2 cloak {rC+}
rCorr   .          Rampage  .    (gloves unavailable)
Will    ++...                    (boots unavailable) Stlth
                                 J - amulet of regeneration
HPRegen 1.29/turn                C - ring of poison resistance
MPRegen 0.23/turn                R - ring of wizardry

@: wereblooded, duelling
A: large, unfitting armour, tough skin 1, agile 1, clever 1
a: Renounce Religion, Heroism, Finesse, Duel


You were in the Arena.
You worshipped Okawaru.
Okawaru was extremely pleased with you.
You visited 5 branches of the dungeon, and saw 24 of its levels.
You visited 1 bazaar.
You also visited: Ossuary, Ice Cave and Volcano.

You collected 3107 gold pieces.
You spent 2128 gold pieces at shops.

Inventory:

Hand Weapons
 a - a +5 vampiric broad axe (weapon)
 b - a +2 hand axe of flaming
 c - the +5 rapier of the Blowfly {flame, rElec rPois Will+++ Str-5}
   (You found it on level 11 of the Dungeon)

   Str:       It affects your strength (-5).
   rElec:     It insulates you from electricity.
   rPois:     It protects you from poison.
   Will:      It greatly increases your willpower.
 U - a +2 flail of holy wrath
Missiles
 z - 19 large rocks (quivered)
Armour
 I - a +1 tower shield of protection
 O - a +0 cloak of fire resistance
 P - a +1 hat of willpower (worn)
 Q - +0 fire dragon scales (worn)
 S - a +2 cloak of cold resistance (worn)
 T - the +4 robe of Folly {Brill Will-∞ Int+8}
   (Okawaru gifted it to you on level 2 of the Orcish Mines)

   Brill:     It increases the power of your magical spells and halves their MP
   cost (rounding up).
   Will-∞: It reduces your willpower to zero.
   Int:       It affects your intelligence (+8).
 V - the +3 tower shield of the Accordion {rElec}
   (Okawaru gifted it to you on level 5 of the Lair of Beasts)

   rElec:     It insulates you from electricity.
 Z - a +0 troll leather armour
Jewellery
 n - a ring of fire
 p - a ring of willpower
 r - a +4 ring of protection
 t - a ring of ice
 C - a ring of poison resistance (left hand)
 J - an amulet of regeneration (around neck)
 R - a ring of wizardry (right hand)
 X - a ring of wizardry
Wands
 h - a wand of polymorph (6)
 j - a wand of paralysis (11)
 w - a wand of digging (3)
 K - a wand of acid (6)
 L - a wand of iceblast (19)
Scrolls
 e - a scroll of fear
 g - 9 scrolls of teleportation
 s - a scroll of fog
 v - 2 scrolls of silence
 y - 7 scrolls of amnesia
 B - 4 scrolls of blinking
 H - 3 scrolls of poison
 M - 2 scrolls of magic mapping
Potions
 d - a potion of magic
 f - a potion of might
 i - a potion of berserk rage
 k - 2 potions of lignification
 l - a potion of resistance
 m - 10 potions of flight
 q - 2 potions of mutation
 u - 5 potions of brilliance
 x - 11 potions of curing
 D - a potion of haste
 F - 8 potions of ambrosia
 G - a potion of cancellation
 W - a potion of invisibility
Miscellaneous
 Y - a tin of tremorstones (2/2)


   Skills:
 + Level 12.7 Fighting
 + Level 11.5 Axes
 - Level 0.3(6.6) Maces & Flails
 + Level 8.8 Armour
 + Level 9.4 Dodging
 - Level 1.4 Stealth
 * Level 7.5 Shields
 * Level 11.5 Spellcasting
 + Level 9.8 Conjurations
 - Level 0.8 Summonings
 - Level 3.0 Translocations
 - Level 4.0 Transmutations
 - Level 7.3 Fire Magic
 * Level 7.4 Ice Magic
 - Level 5.7 Air Magic
 - Level 2.0 Poison Magic
 - Level 8.0 Invocations


You couldn't memorise any spells.
You knew the following spells:

 Your Spells              Type           Power      Damage    Failure   Level
a - Magic Dart            Conj           100%       1d8       1%          1
b - Blink                 Tloc           42%        N/A       3%          2
c - Frozen Ramparts       Ice            74%        1d12      1%          3
d - Mephitic Cloud        Conj/Pois/Air  31%        N/A       1%          3
e - Freezing Cloud        Conj/Ice/Air   19%        6-21      9%          5
f - Fireball              Conj/Fire      20%        3d10      6%          5
g - Portal Projectile     Hex/Tloc       30%        N/A       12%         3
h - Maxwell's Capacitive  Air            15%        ∞         100%        8
q - Ozocubu's Refrigerat  Ice            18%        4d11      95%         7
z - Wereblood             Tmut           24%        N/A       2%          2

Your spell library contained the following spells:

 Spells                   Type           Power      Damage    Failure   Level
 Beastly Appendage        Tmut           48%        N/A       1%          1
 Foxfire                  Conj/Fire      100%       2x1d9     1%          1
 Ozocubu's Armour         Ice            37%        N/A       1%          3
 Kindle Blastsparks       Fire/Tloc/Air  58%        2d14      2%          3
 Ignite Poison            Fire/Tmut/Pois 26%        N/A       3%          3
 Iskenderun's Battlesphe  Conj           45%        2d10      3%          5
 Cigotuvi's Dreadful Rot  Necr/Pois/Air  38%        N/A       4%          2
 Spider Form              Tmut/Pois      21%        N/A       6%          3
 Ice Form                 Ice/Tmut       30%        N/A       7%          4
 Slow                     Hex            40%        N/A       8%          1
 Starburst                Conj/Fire      20%        6d7       32%         6
 Blade Hands              Tmut           12%        N/A       36%         5
 Dispel Undead            Necr           10%        3d9       56%         4
 Yara's Violent Unravell  Hex/Tmut       8%         3d5       63%         5
 Iron Shot                Conj/Erth      14%        9d4       80%         6
 Enfeeble                 Hex            5%         N/A       100%        7
 Storm Form               Tmut/Air       13%        N/A       100%        7
 Polar Vortex             Ice            18%        N/A       100%        9
 Call Imp                 Summ           Unusable   N/A       N/A         2
 Summon Ice Beast         Ice/Summ       Unusable   N/A       N/A         4
 Summon Lightning Spire   Summ/Air       Unusable   N/A       N/A         4
 Tukima's Dance           Hex            Unusable   N/A       N/A         3
 Summon Forest            Summ/Tloc      Unusable   N/A       N/A         5
 Summon Mana Viper        Hex/Summ       Unusable   N/A       N/A         5
 Simulacrum               Ice/Necr       Unusable   N/A       N/A         6
 Spellforged Servitor     Conj/Summ      Unusable   N/A       N/A         7
 Death Channel            Necr           Unusable   N/A       N/A         6
 Summon Cactus Giant      Summ           Unusable   N/A       N/A         6

Dungeon Overview and Level Annotations

Branches:
Dungeon (15/15)            Temple (1/1) D:4            Lair (5/5) D:11
  Swamp (0/4) Lair:3       Spider (1/4) Lair:3        Slime (0/5) Lair:5
    Orc (2/2) D:10            Elf (0/3) Orc:2        Vaults (0/5) D:14
 Depths (0/4) D:15        Ossuary (visited)           IceCv (visited)
Volcano (visited)

Altars:
Ashenzari
Cheibriados
Dithmenos
Elyvilon
Hepliaklqana
Kikubaaqudgha
Makhleb
Nemelex Xobeh
Okawaru
Qazlal
Ru
Sif Muna
Uskayaw
Vehumet
Xom
Yredelemnul
Zin
The Shining One

Shops:
D:3 [   D:7 *   D:8 =   D:13 [   D:14 :   Orc:2 :!((

Portals:
Trove: D:14 (show abyssal rune of Zot)

Annotations:
Lair:3 1 runed translucent door, hofbold's ghost, journeyman DsWr


Innate Abilities, Weirdness & Mutations

You are too large for most types of armour.
You have tough skin. (AC +1)
You are agile. (Dex +4, Str/Int -1)
Your mind is acute. (Int +4, Str/Dex -1)


Message History

Okay, then.
Press: ? - help, v - describe, . - travel
Here: a wolf spider (lightly wounded)
The floor.
Unknown command.
Okay, then.
Blink to where?
Press: ? - help, Dir - move target
As you read the scroll of blinking, it crumbles to dust.
Okay, then.
Casting: Blink (safe; 3% risk of failure)
Confirm with . or Enter, or press ? or * to list all spells.
Aiming: Mephitic Cloud (safe; 1% risk of failure)
Press: ? - help, Shift-Dir - straight line, f - wolf spider
Aim: a wolf spider (lightly wounded, chance to affect: 48%)
The ball explodes into a vile cloud!
The stinking cloud engulfs the wolf spider but does no damage.
The wolf spider is lightly wounded.
You feel stable enough to blink again.
The wolf spider is engulfed in noxious fumes.
Casting: Mephitic Cloud (safe; 1% risk of failure)
Confirm with . or Enter, or press ? or * to list all spells.
Aiming: Mephitic Cloud (safe; 1% risk of failure)
Press: ? - help, Shift-Dir - straight line, f/p - wolf spider
Aim: a wolf spider (noxious fumes, lightly wounded, chance to affect: 48%)
Okay, then.
Casting: Mephitic Cloud (safe; 1% risk of failure)
Confirm with . or Enter, or press ? or * to list all spells.
Aiming: Mephitic Cloud (safe; 1% risk of failure)
Press: ? - help, Shift-Dir - straight line, f/p - wolf spider
Aim: a wolf spider (noxious fumes, lightly wounded, chance to affect: 48%)
The ball explodes into a vile cloud!
The stinking cloud engulfs the wolf spider but does no damage.
The wolf spider is lightly wounded.
The wolf spider is engulfed in noxious fumes.
The wolf spider appears confused.
The wolf spider is engulfed in noxious fumes.
The wolf spider hits you.
You die...
Okawaru crowns the wolf spider victorious!

#.▓ ....... ▓.#
#p▓.#.....#.▓.#
#.▓.........▓p#
#▓▓.........▓▓#
#p▓....°○...▓p#
#▓▓....☼☼○..▓▓#
#.▓....○☼☼..▓.#
#p▓.#....s#.▓.#
#.▓.......@.▓p#
## ▓▓▓▓▓▓▓▓▓▓##
#..p▓∩▓.p.##
###########


You could see a wolf spider (confused).

Vanquished Creatures
  Gastronok (Lair:1)
  A reaper (IceCv)
  A red draconian (Volcano)
  Josephine (D:11)
  2 fire dragons
  6 hydras
  Harold (D:10)
  4 ogre magi
  An ice dragon (Lair:5)
  3 catoblepae
  A vault guard (D:14)
  16 two-headed ogres
  7 centaur warriors
  A radroach (Lair:3)
  5 boulder beetles
  3 death yaks
  A deep troll earth mage (D:15)
  2 orc high priests (Orc:1)
  Sonja (D:10)
  Urug (D:9)
  A pharaoh ant (Spider:1)
  Lodul (D:10)
  2 skysharks
  5 skeletal warriors
  A bog body (Lair:3)
  27 slime creatures
  3 orc knights
  A steelbarb worm (Spider:1)
  A swamp dragon (Lair:5)
  A wizard (D:15)
  A lindwurm (Lair:5)
  5 deep elf pyromancers
  2 wolf spiders (Lair:3)
  2 necromancers
  21 ugly things
  2 orc sorcerers
  5 cyclopes
  A manticore (D:14)
  14 elephants
  5 torpor snails (Lair:5)
  2 naga magi (D:15)
  2 ice statues (IceCv)
  3 black mambas
  3 demonic crawlers
  A gargoyle (D:14)
  A centaur skeleton (D:15)
  Maggie (D:7)
  4 rime drakes
  15 cane toads
  An unseen horror (shapeshifter) (D:13)
  5 kobold demonologists
  5 efreet
  4 komodo dragons
  2 anaconda simulacra (IceCv)
  6 ice devils (IceCv)
  A komodo dragon (shapeshifter) (D:14)
  7 yaktaurs
  A polar bear (Lair:5)
  A queen bee (Lair:2)
  2 tarantellas (Spider:1)
  6 trolls
  A tarantella (shapeshifter) (D:15)
  4 tyrant leeches (Lair:5)
  29 blink frogs
  8 hornets (Lair:5)
  5 jumping spiders (Spider:1)
  A culicivora (Spider:1)
  2 shadows
  A centaur simulacrum (D:15)
  42 yaks
  2 vampires
  A water elemental (D:11)
  8 wraiths
  6 fire bats (Volcano)
  2 wyverns
  9 basilisks
  3 steam dragons
  7 vampire mosquitoes
  5 wargs
  11 redbacks
  17 water moccasins
  3 swamp worms (Lair:2)
  A hydra simulacrum (IceCv)
  6 acid dragons
  20 orc warriors
  A black bear (D:4)
  3 ice beasts
  2 swamp drakes (Lair:5)
  A sky beast (D:7)
  A hornet zombie (Ossuary)
  37 ogres
  6 wolves (Lair:5)
  24 centaurs
  9 kobold brigands
  15 bullfrogs
  A wyvern zombie (Ossuary)
  3 scorpions (D:5)
  A cane toad simulacrum (IceCv)
  2 two-headed ogre simulacra (IceCv)
  4 wights (D:7)
  A water moccasin zombie (Ossuary)
  33 killer bees
  An elephant simulacrum (IceCv)
  3 electric eels (D:11)
  2 jellies
  3 howler monkeys
  5 centaur zombies
  6 lava snakes (Volcano)
  5 bullfrog zombies (Ossuary)
  A hound (D:4)
  Crazy Yiuf (D:7)
  13 orc priests
  Natasha (D:2)
  4 iguanas
  21 orc wizards
  4 polar bear simulacra (IceCv)
  2 spriggan simulacra (IceCv)
  A statue (D:10)
  2 troll simulacra (IceCv)
  7 killer bee zombies (Ossuary)
  Robin (D:3)
  5 howler monkey zombies (Ossuary)
  15 mummies (Ossuary)
  2 gnolls (D:4)
  8 adders
  2 naga simulacra (IceCv)
  A river rat (D:10)
  A shadow imp (D:6)
  16 white imps
  3 ufetubi
  3 worms
  2 dart slugs
  59 orcs
  6 endoplasms
  A giant cockroach (D:1)
  9 goblins
  12 hobgoblins
  31 kobolds
  A quokka (D:11)
  3 ball pythons
  3 bats
  3 frilled lizards
  2 goblin skeletons (D:7)
  A goblin zombie (D:7)
  3 hobgoblin zombies (D:7)
  2 kobold zombies (D:7)
  2 orc zombies (D:7)
  4 rats
  2 butterflies (Lair:4)
856 creatures vanquished.

Vanquished Creatures (collateral kills)
  An iguana (D:4)
  2 adders (D:2)
  2 gnolls (D:4)
  7 goblins
  A hobgoblin (D:2)
  A quokka (D:4)
  A bat (D:2)
15 creatures vanquished.

Vanquished Creatures (others)
  A wizard (D:14)
  A killer bee (Lair:2)
  An orc wizard (D:8)
  A kobold (D:10)
  40 fungi
  95 plants
  2 withered plants (Ossuary)
141 creatures vanquished.

Grand Total: 1012 creatures vanquished

Notes
Turn   | Place    | Note
-------+----------+-------------------------------------------
     0 | D:1      | Ignak the Ogre Hedge Wizard began the quest for the Orb.
     0 | D:1      | Reached XP level 1. HP: 16/16 MP: 5/5
   126 | D:1      | Reached skill level 1 in Conjurations
   134 | D:1      | Reached skill level 1 in Translocations
   248 | D:1      | Reached XP level 2. HP: 23/26 MP: 6/6
   322 | D:1      | Learned a level 2 spell: Blink
   325 | D:1      | Learned a level 2 spell: Call Imp
   709 | D:1      | Reached skill level 1 in Fighting
  1014 | D:1      | Found a faded altar of an unknown god.
  1162 | D:2      | Reached XP level 3. HP: 13/33 MP: 2/8
  1219 | D:2      | Learned a level 3 spell: Mephitic Cloud
  1528 | D:2      | Noticed Natasha
  1541 | D:2      | Killed Natasha
  1542 | D:2      | Reached skill level 1 in Axes
  1542 | D:2      | Reached skill level 1 in Armour
  1542 | D:2      | Reached XP level 4. HP: 18/41 MP: 1/9
  2110 | D:3      | Noticed Robin
  2159 | D:3      | Killed Robin
  2160 | D:3      | Reached XP level 5. HP: 30/47 MP: 2/11
  2464 | D:3      | Found Wacuseut's Antique Armour Shop.
  2640 | D:4      | Identified the +0 leather armour of the Planets {rElec
                  | rPois Will++ Str-5}
  2813 | D:4      | Noticed a black bear
  2831 | D:4      | Killed a black bear
  2832 | D:4      | Reached skill level 2 in Fighting
  2832 | D:4      | Reached skill level 1 in Fire Magic
  2832 | D:4      | Reached XP level 6. HP: 45/57 MP: 4/12
  3178 | D:4      | Found a staircase to the Ecumenical Temple.
  3188 | Temple   | Entered the Ecumenical Temple
  3243 | Temple   | Became a worshipper of Warmaster Okawaru
  3291 | D:4      | Reached skill level 1 in Air Magic
  3480 | D:4      | Found a glowing silver altar of Zin.
  3569 | D:4      | Reached skill level 1 in Poison Magic
  3627 | D:4      | Learned a level 5 spell: Fireball
  3743 | D:5      | Entered Level 5 of the Dungeon
  3833 | D:4      | Reached XP level 7. HP: 38/66 MP: 13/13
  4085 | D:5      | Noticed a shadow
  4667 | D:6      | Noticed a steam dragon
  4685 | D:5      | Reached * piety under Okawaru
  4919 | D:5      | Reached skill level 3 in Fighting
  4927 | D:5      | Reached XP level 8. HP: 50/75 MP: 10/14
  5175 | D:5      | Killed a shadow
  6387 | D:5      | Reached ** piety under Okawaru
  6394 | D:5      | Reached skill level 5 in Spellcasting
  6981 | D:6      | Reached skill level 4 in Fighting
  6981 | D:6      | Reached XP level 9. HP: 82/84 MP: 13/16
  8021 | D:7      | Found a sand-covered staircase.
  8023 | D:7      | Noticed Maggie
  8036 | D:7      | Killed Maggie
  8053 | Ossuary  | Entered an ossuary
  8064 | Ossuary  | Reached *** piety under Okawaru
  8159 | Ossuary  | Reached skill level 5 in Axes
  8446 | Ossuary  | Reached skill level 1 in Invocations
  8721 | Ossuary  | Reached skill level 5 in Fighting
  8891 | D:8      | Reached skill level 5 in Conjurations
  8896 | D:8      | Reached XP level 10. HP: 46/96 MP: 16/18
  8904 | D:8      | Found a shadowy altar of Dithmenos.
  9087 | D:7      | Found a hazy altar of Hepliaklqana.
  9128 | D:7      | Found a stormy altar of Qazlal.
  9188 | D:7      | Reached skill level 5 in Fire Magic
  9192 | D:7      | Learned a level 2 spell: Wereblood
  9249 | D:7      | Found Ubbucug's Fire Supplies.
  9349 | D:7      | Found a glowing golden altar of the Shining One.
  9632 | D:7      | Found a runed translucent door.
  9633 | D:7      | Noticed Crazy Yiuf
  9643 | D:7      | Killed Crazy Yiuf
 10019 | D:8      | Reached skill level 1 in Transmutations
 10027 | D:8      | Reached **** piety under Okawaru
 10298 | D:8      | Found a shimmering blue altar of Sif Muna.
 10369 | D:8      | Found Liblamn's Jewellery Emporium.
 11189 | D:9      | Found a sparkling altar of Nemelex Xobeh.
 11207 | D:9      | Noticed a cyan ugly thing
 11228 | D:9      | Killed a cyan ugly thing
 11229 | D:9      | Reached skill level 6 in Fighting
 11249 | D:9      | Noticed a two-headed ogre
 11270 | D:9      | Killed a two-headed ogre
 11271 | D:9      | Reached XP level 11. HP: 60/105 MP: 4/20
 11705 | D:9      | Found a shimmering altar of Xom.
 11765 | D:10     | Entered Level 10 of the Dungeon
 11798 | D:10     | Reached ***** piety under Okawaru
 11799 | D:10     | Noticed Lodul
 11811 | D:10     | Killed Lodul
 11815 | D:10     | Noticed Urug
 11819 | D:10     | Noticed a soul eater
 12031 | D:10     | Reached skill level 5 in Dodging
 12058 | D:10     | Noticed Harold
 12126 | D:10     | Found a broken altar of Ashenzari.
 12326 | D:10     | Found a staircase to the Orcish Mines.
 12361 | D:10     | Reached skill level 7 in Fighting
 12366 | D:10     | Identified the +1 hat of Noacasupt {rElec rF- Str-4 Dex+6}
                  | (Okawaru gifted it to you on level 10 of the Dungeon)
 12366 | D:10     | Received a gift from Okawaru
 12387 | D:10     | Killed Harold
 12580 | D:9      | Killed Urug
 12756 | D:10     | Noticed a fire dragon
 12777 | D:10     | Killed a fire dragon
 12778 | D:10     | Reached XP level 12. HP: 115/118 MP: 23/23
 12852 | D:10     | Noticed Sonja
 12860 | D:10     | Killed Sonja
 12861 | D:10     | Reached skill level 5 in Invocations
 12919 | D:10     | Found an ancient bone altar of Kikubaaqudgha.
 13006 | D:10     | Found a radiant altar of Vehumet.
 13216 | Orc:1    | Entered Level 1 of the Orcish Mines
 13335 | Orc:2    | Entered Level 2 of the Orcish Mines
 13420 | Orc:2    | Noticed a two-headed ogre
 13430 | Orc:2    | Killed a two-headed ogre
 13521 | Orc:2    | Paralysed by an orc sorcerer for 4 turns
 13523 | Orc:2    | Noticed a soul eater
 13527 | Orc:2    | Noticed an ogre mage
 13572 | Orc:2    | Killed an ogre mage
 13573 | Orc:2    | Reached skill level 8 in Fighting
 13573 | Orc:2    | Noticed a two-headed ogre
 13603 | Orc:2    | Noticed an ogre mage
 13605 | Orc:2    | Noticed an ogre mage
 13634 | Orc:1    | Killed an ogre mage
 13771 | Orc:2    | Noticed a two-headed ogre
 13775 | Orc:2    | Noticed a two-headed ogre
 13786 | Orc:1    | Killed a two-headed ogre
 13789 | Orc:1    | Killed a two-headed ogre
 13790 | Orc:1    | Reached skill level 5 in Armour
 13933 | Orc:1    | Killed a two-headed ogre
 13933 | Orc:1    | Reached ****** piety under Okawaru
 13933 | Orc:1    | Received a gift from Okawaru
 14043 | Orc:2    | Noticed a two-headed ogre
 14047 | Orc:2    | Noticed a two-headed ogre
 14055 | Orc:1    | Killed a two-headed ogre
 14116 | Orc:1    | Killed a two-headed ogre
 14193 | Orc:2    | Killed an ogre mage
 14434 | Orc:2    | Noticed an ogre mage
 14446 | Orc:2    | Noticed a two-headed ogre
 14448 | Orc:2    | Killed an ogre mage
 14457 | Orc:2    | Killed a two-headed ogre
 14457 | Orc:2    | Received a gift from Okawaru
 14457 | Orc:2    | Found the +4 robe of Folly {Brill Will-∞ Int+8}
 14458 | Orc:2    | Reached XP level 13. HP: 99/130 MP: 17/25
 14531 | Orc:2    | Reached skill level 9 in Fighting
 15366 | Orc:2    | Found Zepp's Book Emporium.
 15366 | Orc:2    | Found Zonom's Weapon Shop.
 15367 | Orc:2    | Found Nalodeus's Distillery.
 15367 | Orc:2    | Found Walac's Antique Weapon Shoppe.
 15466 | Orc:2    | Found a staircase to the Elven Halls.
 15572 | Orc:2    | Bought a book of Rime for 448 gold pieces
 15572 | Orc:2    | Bought a Trismegistus Codex for 448 gold pieces
 15578 | Orc:2    | Learned a level 3 spell: Frozen Ramparts
 15584 | Orc:2    | Learned a level 5 spell: Freezing Cloud
 15804 | D:11     | Reached skill level 1 in Ice Magic
 15928 | D:11     | Identified the +1 robe of Too Many Cooks {rPois} (Okawaru
                  | gifted it to you on level 11 of the Dungeon)
 15928 | D:11     | Received a gift from Okawaru
 15979 | D:11     | Found a staircase to the Lair.
 16025 | D:11     | Noticed Josephine
 16038 | D:11     | Killed Josephine
 16068 | D:11     | Found a frozen archway.
 16073 | IceCv    | Entered an ice cave
 16623 | IceCv    | Noticed a reaper
 16853 | IceCv    | Killed a reaper
 17253 | D:11     | Found a flickering gateway to a bazaar.
 17259 | Bazaar   | Entered a bazaar
 17263 | Bazaar   | Found Jyeb's General Store.
 17281 | Bazaar   | Found Qokamaen's Antique Weapon Shoppe.
 17299 | Bazaar   | Found Reixtaon's Magic Scroll Boutique.
 17316 | Bazaar   | Found Sijuntus's Weapon Emporium.
 17396 | Bazaar   | Bought a scroll of magic mapping for 97 gold pieces
 17411 | Bazaar   | Bought a glowing battleaxe for 199 gold pieces
 17426 | Bazaar   | Bought a scroll of brand weapon for 114 gold pieces
 17426 | Bazaar   | Bought a scroll of identify for 24 gold pieces
 17426 | Bazaar   | Bought a scroll of fear for 48 gold pieces
 17426 | Bazaar   | Bought a scroll of blinking for 90 gold pieces
 17826 | D:11     | Identified the +5 rapier of the Blowfly {flame, rElec rPois
                  | Will+++ Str-5}
 18348 | D:12     | Reached XP level 14. HP: 86/141 MP: 23/27
 18689 | D:12     | Reached skill level 10 in Fighting
 19424 | D:12     | Received a gift from Okawaru
 20144 | Lair:1   | Entered Level 1 of the Lair of Beasts
 20163 | Lair:1   | Found a dark tunnel.
 20186 | Volcano  | Entered a volcano
 20511 | Volcano  | Noticed a red draconian
 20534 | Volcano  | Killed a red draconian
 20616 | Volcano  | Found a radiant altar of Vehumet.
 20649 | Volcano  | Found a burning altar of Makhleb.
 21099 | Lair:1   | Reached skill level 10 in Axes
 21113 | Lair:1   | Received a gift from Okawaru
 21202 | Lair:1   | Noticed Gastronok
 21223 | Lair:1   | Killed Gastronok
 21564 | Lair:1   | Gained mutation: Your mind is acute. (Int +4, Str/Dex -1)
                  | [potion of mutation]
 21564 | Lair:1   | Gained mutation: You are agile. (Dex +4, Str/Int -1)
                  | [potion of mutation]
 21962 | Lair:1   | Reached skill level 5 in Ice Magic
 23200 | Lair:3   | Found a hole to the Spider Nest.
 23219 | Lair:3   | Reached skill level 1 in Shields
 23271 | Lair:3   | Reached XP level 15. HP: 152/152 MP: 8/28
 23576 | Lair:3   | Reached skill level 11 in Fighting
 23576 | Lair:3   | Reached skill level 10 in Spellcasting
 23629 | Lair:3   | Found a runed translucent door.
 23629 | Lair:3   | Found a shimmering altar of Xom.
 23629 | Lair:3   | Noticed hofbold's ghost (journeyman DsWr)
 23782 | Lair:3   | Received a gift from Okawaru
 23892 | Lair:3   | Learned a level 3 spell: Portal Projectile
 24149 | Lair:3   | Found a staircase to the Swamp.
 25394 | Lair:5   | Entered Level 5 of the Lair of Beasts
 25458 | Lair:5   | Found a staircase to the Slime Pits.
 25579 | Lair:5   | Identified the +3 tower shield of the Accordion {rElec}
                  | (Okawaru gifted it to you on level 5 of the Lair of Beasts)
 25579 | Lair:5   | Received a gift from Okawaru
 26821 | Lair:5   | Found a runed translucent door.
 26850 | Lair:5   | Reached skill level 5 in Shields
 27174 | Lair:5   | Paralysed by a hornet for 3 turns
 27856 | D:13     | Reached XP level 16. HP: 111/165 MP: 26/30
 27867 | D:13     | Found Falomax's Armour Shoppe.
 28799 | D:13     | Reached skill level 12 in Fighting
 28918 | D:14     | Found a shimmering blue altar of Sif Muna.
 28955 | D:14     | Identified the +1 hat of Okawaru's Generosity {*Corrode
                  | +Blink Int+4 Dex+3} (Okawaru gifted it to you on level 14
                  | of the Dungeon)
 28955 | D:14     | Received a gift from Okawaru
 29011 | D:14     | Found Dagereen's Book Emporium.
 29027 | D:14     | Bought a book of the Sky for 660 gold pieces
 29037 | D:14     | Learned a level 8 spell: Maxwell's Capacitive Coupling
 29141 | Arena    | Entered the Arena
 29282 | D:14     | Found a gate to the Vaults.
 29514 | D:14     | Reached skill level 5 in Air Magic
 29848 | D:14     | Found a portal to a secret trove of treasure.
 30470 | D:15     | Entered Level 15 of the Dungeon
 31397 | D:15     | Received a gift from Okawaru
 31660 | D:15     | Found a runed translucent door.
 32090 | D:15     | Found a staircase to the Depths.
 32369 | Spider:1 | Entered Level 1 of the Spider Nest
 32642 | Spider:1 | Reached XP level 17. HP: 107/169 MP: 29/32
 32645 | Spider:1 | Received a gift from Okawaru
 33223 | Lair:3   | HP: 8/175 [demonic crawler (1)]
 33467 | Lair:3   | Upgraded the game from 0.30-a0-778-g2ef04afb54 to
                  | 0.30-a0-779-g7971cf19c3
 33509 | Lair:3   | Learned a level 7 spell: Ozocubu's Refrigeration
 33569 | Arena    | Entered the Arena
 33569 | Arena    | HP: 2/175 [wolf spider (16)]
 33572 | Arena    | Slain by a wolf spider

Illustrated notes

Levels and vault maps discovered:
D:1:      dreamdust_arrival_sigmund_warning, layout_loops_ring,
          shapermc_ecumenical_altar_totnotflames, minmay_misc_feat_five
D:2:      layout_loops_ring, hangedman_decor_opposing, uniq_natasha
D:3:      layout_rooms, serial_shops, nicolae_shop_statue_plus, uniq_robin
D:4:      layout_loops_corners, lemuel_round_altar,
          minmay_temple_entry_sparse_star, dk_noncrumbling_3
D:5:      layout_layer_cave, nrook_mini_backslash,
          eino_small_chamber_without_monster
D:6:      layout_rooms, serial_curves, eino_curves_03, eino_curves_04,
          eino_curves_04, eino_curves_02
D:7:      layout_cave_pools, nicolae_tso_besieged_by_evil,
          mainiacjoe_overflow_two_lobes, lightli_ossuary_entry_decrepit_ruins,
          nicolae_shop_fire_sale [nicolae_sub_dead_trees], uniq_maggie,
          uniq_crazy_yiuf_cottage
D:8:      layout_cave_pods, nicolae_overflow_crystal_walls,
          grunt_dithmenos_smoke, serial_shops, shop
D:9:      layout_gridville, nemelex_diamond_rough_becter,
          mainiacjoe_overflow_alcove_1, dk_rats_in_the_wall
D:10:     dragon1_lemuel, layout_irregular_city, mainiacjoe_overflow_chevrons,
          nicolae_overflow_hidden_temple, vehumet_statue, moated_statue,
          uniq_lodul, uniq_sonja, uniq_harold, uniq_urug
D:11:     layout_basic, dpeg_lair_monsters, portal_ice_cave_entry_imps,
          serial_shops, bzr_entry_road, uniq_josephine
D:12:     layout_basic, minmay_puff
D:13:     layout_gridville, serial_shops, nicolae_shop_crystal,
          roderic_lattice_a, minivault_11, minmay_strange_pillars,
          chequers_garden, grunt_decor_one_mirror
D:14:     layout_long_grid, david_vaults_1, serial_shops, shop_fountains,
          led_sif_pool, enter_trove_5, bh_walls_and_bars
D:15:     grunt_enter_depths_magical_seal, layout_cave_pools, minivault_25,
          wad_hexagon
Temple:   bh_familiar_temple
Lair:1:   layout_cave_pods, enter_volcano_2, chequers_serial_rivers_room_b,
          grunt_megastairs_4, lemuel_fruit_fields, uniq_gastronok
Lair:2:   layout_roguey [special_room_bee], worms_lemuel
Lair:3:   layout_loops_ring, skrybe_swamp_entry_bodies, dummy_spider_entry,
          ebering_ghost_xom, pdpol_lair_neglected_garden, serial_bayou_pond_c
Lair:4:   layout_loops_ring, lemuel_fruit_fields
Lair:5:   wormcave, layout_regular_city, guppyfry_lair_end_dragon,
          nicolae_slime_entry_slimehenge, serial_bayou_shore_b
Spider:1: layout_chambers, ebering_ghost_inner_flame, nicolae_crawler_farm,
          hangedman_spider_tarantella_strand
Orc:1:    layout_diamond_mine, bh_open_orc_temple
Orc:2:    st_orc_ogre_mass, layout_diamond_mine
Arena

Skill      XL: |  1  2  3  4  5  6  7  8  9 10 11 12 13 14 15 16 |
---------------+-------------------------------------------------+-----
Conjurations   | 1 2 3 4 5 6 7 8 9 |  9.8
Translocations | 1 2 3 |  3.0
Dodging        | 2 3 4 5 6 7 8 9 |  9.4
Fighting       | 1 2 3 4 5 6 7 8 9 10 11 12 | 12.7
Axes           | 1 2 3 4 5 6 8 9 10 11 | 11.5
Armour         | 1 2 3 4 5 7 8 |  8.8
Spellcasting   | 4 5 6 7 8 9 10 11 | 11.5
Fire Magic     | 1 2 3 4 5 6 7 |  7.3
Air Magic      | 1 2 4 5 |  5.7
Poison Magic   | 1 2 |  2.0
Invocations    | 1 3 4 6 7 8 |  8.0
Transmutations | 2 3 4 |  4.0
Ice Magic      | 3 5 6 7 |  7.4
Shields        | 1 5 7 |  7.5
Maces & Flails | |  0.3
Stealth        | |  1.4
Summonings     | |  0.8

Action                     |  1- 3 |  4- 6 |  7- 9 | 10-12 | 13-15 | 16-18 || total
---------------------------+-------+-------+-------+-------+-------+-------++-------
  Melee: Dagger            |    24 |       |       |       |       |       ||    24
         Club              |    46 |       |       |       |       |       ||    46
         War axe           |    27 |   131 |   379 |   487 |   252 |       ||  1276
         Punch             |       |     1 |       |     6 |    20 |    11 ||    38
         Broad axe         |       |       |       |       |   931 |   530 ||  1461
         Battleaxe         |       |       |       |       |    52 |       ||    52
         Staff             |       |       |       |       |     1 |       ||     1
         Rapier            |       |       |       |       |     7 |     2 ||     9
         Hand axe          |       |       |       |       |       |     3 ||     3
  Throw: Dart              |    15 |       |     6 |    12 |     2 |       ||    35
         Large rock        |       |       |       |       |    17 |    11 ||    28
   Cast: Magic Dart        |     9 |       |     4 |     1 |     1 |       ||    15
         Call Imp          |     6 |    11 |       |       |       |       ||    17
         Mephitic Cloud    |       |     4 |    17 |    56 |    52 |    41 ||   170
         Blink             |       |       |     4 |     9 |    28 |    19 ||    60
         Wereblood         |       |       |       |    24 |    68 |    42 ||   134
         Fireball          |       |       |       |    10 |    72 |    10 ||    92
         Freezing Cloud    |       |       |       |       |    41 |    26 ||    67
         Frozen Ramparts   |       |       |       |       |     3 |     1 ||     4
         Portal Projectile |       |       |       |       |     3 |     3 ||     6
 Invoke: Heroism           |       |       |     3 |     2 |    12 |     5 ||    22
         Finesse           |       |       |       |       |     1 |     1 ||     2
         Duel              |       |       |       |       |       |     2 ||     2
  Evoke: Wand              |       |       |     8 |     9 |    17 |     6 ||    40
         Tin of tremorston |       |       |       |       |     1 |       ||     1
    Use: Scroll            |     1 |       |    12 |     5 |    16 |     5 ||    39
         Potion            |       |     2 |     5 |     5 |     6 |    12 ||    30
   Stab: Sleeping          |     1 |     3 |     1 |       |       |       ||     5
         Confused          |       |     1 |     6 |    17 |    25 |    21 ||    70
         Distracted        |       |     1 |       |       |       |       ||     1
         Paralysed         |       |       |       |    11 |    37 |     8 ||    56
         Petrified         |       |       |       |       |     2 |       ||     2
         Fleeing           |       |       |       |       |     1 |       ||     1
 Armour: Robe              |    42 |    74 |    87 |       |    89 |       ||   292
         Steam dragon scal |       |       |   115 |   265 |    83 |       ||   463
         Fire dragon scale |       |       |       |       |   447 |   495 ||   942
         Troll leather arm |       |       |       |       |   187 |       ||   187
  Dodge: Dodged            |    73 |    92 |   223 |   334 |   855 |   404 ||  1981
  Block: Tower shield      |       |       |       |       |    15 |       ||    15

Table legend: (Time is in decaauts)
 A = Elapsed time spent in this place.
 B = Non-inter-level travel time spent in this place.
 C = Inter-level travel time spent in this place.
 D = Time resting spent in this place.
 E = Time spent auto-exploring this place.
 F = Levels seen in this place.
 G = Mean time per level.
                   A        B        C        D        E       F      G
               +--------+--------+--------+--------+--------+-----+--------+
         Total |  34043 |  33032 |   1011 |   7517 |  13231 |  30 | 1134.8 |
       Dungeon |  20326 |  19639 |    687 |   4323 |   8840 |  15 | 1355.1 |
        Temple |     82 |     55 |     27 |      0 |     48 |   1 |   82.0 |
          Lair |   7980 |   7728 |    252 |   1205 |   3791 |   5 | 1596.0 |
   Spider Nest |    323 |    321 |      2 |      9 |     34 |   1 |  323.0 |
  Orcish Mines |   2516 |   2474 |     42 |    912 |    464 |   2 | 1258.0 |
        Bazaar |    207 |    207 |      0 |      0 |      0 |   1 |  207.0 |
       Ossuary |    852 |    852 |      0 |    337 |     19 |   1 |  852.0 |
      Ice Cave |   1129 |   1129 |      0 |    585 |     18 |   1 | 1129.0 |
       Volcano |    583 |    583 |      0 |    145 |     17 |   1 |  583.0 |
         Arena |     39 |     39 |      0 |      0 |      0 |   2 |   19.5 |
               +--------+--------+--------+--------+--------+-----+--------+

Top non-repeatable levels by time:
     D:5: 2343 daAuts
  Lair:5: 2248 daAuts
  Lair:3: 2168 daAuts
    D:12: 1898 daAuts
    D:14: 1826 daAuts
   Orc:1: 1755 daAuts
     D:4: 1704 daAuts
     D:9: 1505 daAuts
     D:6: 1418 daAuts
  Lair:1: 1417 daAuts
    D:13: 1381 daAuts
    D:11: 1289 daAuts
    D:10: 1235 daAuts
    D:15: 1219 daAuts
  Lair:2: 1169 daAuts
